 Dungeon Crawl Stone Soup version 0.17-a0-1430-g49fde19 (webtiles) character file.

60 MackTheKnife the Skirmisher (level 3, 0/27 HPs)
             Began as a High Elf Wanderer on June 25, 2015.
             Slain by an adder (5 damage)
             ... on level 2 of the Dungeon.
             The game lasted 00:02:42 (1669 turns).

MackTheKnife the Skirmisher (High Elf Wanderer)     Turns: 1669, Time: 00:02:42

Health: 0/27       AC:  4    Str: 16    XL:     3   Next: 80%
Magic:  4/4        EV: 11    Int: 16    God:
Gold:   93         SH:  0    Dex: 15    Spells: 0 memorised, 2 levels left

rFire  . . .     SeeInvis .     b - +2 hand crossbow
rCold  . . .     Clarity  .     n - +0 leather armour (curse)
rNeg   . . .     SustAt   .     (no shield)
rPois  .         Gourm    .     c - +0 helmet
rElec  .         Spirit   .     (no cloak)
rCorr  .         Warding  .     (no gloves)
rMut   .         Stasis   .     (no boots)
MR     .....                    (no amulet)
Stlth  ++........               (no ring)
                                (no ring)

@: mighty, lethally poisoned (0 -> -5), not resistant to hostile enchantments,
unstealthy
A: no striking features
a: no special abilities


You were on level 2 of the Dungeon.
You were very hungry.

You visited 1 branch of the dungeon, and saw 2 of its levels.

You collected 93 gold pieces.

Inventory:

Hand weapons
 a - a +0 short sword
   (You took it off a kobold on level 1 of the Dungeon)
 b - a +2 hand crossbow (weapon)
Missiles
 k - 18 bolts (quivered)
Armour
 c - a +0 helmet (worn)
   (You found it on level 2 of the Dungeon)
 n - a cursed +0 leather armour (worn)
   (You found it on level 1 of the Dungeon)
Scrolls
 g - 3 scrolls of enchant armour {unknown}
 h - 5 scrolls of remove curse {unknown}
 l - a scroll of random uselessness {unknown}
 m - a scroll of teleportation {unknown}
Potions
 d - a potion of lignification {!q}
 f - 2 potions of curing {unknown}
 i - a potion of brilliance {unknown}
 o - a potion of cancellation {unknown}
 p - a potion of might
Comestibles
 e - a bread ration {@e1}
 j - 2 meat rations {@e2}


   Skills:
 - Level 4.0 Fighting
 + Level 2.6 Short Blades
 - Level 2.0 Crossbows
 - Level 1.0 Armour
 - Level 1.1 Dodging
 - Level 1.1 Stealth
   Level 1.7 Shields


You had 2 spell levels left.
You didn't know any spells.

Dungeon Overview and Level Annotations

Branches:
Dungeon (2/15)

Altars:
Cheibriados
Elyvilon
Makhleb
Xom


Message History

Found a faded altar to an unknown god.
Found a stone staircase leading down.
You now have 82 gold pieces (gained 16).
You see here a worm corpse.
You butcher the worm corpse.
p - a chunk of flesh {@w0} Eating a chunk of flesh {@w0}.
You are feeling hungry.
You continue eating. x2
There is a faded altar to an unknown god here.
This altar will convert you to a god.
You cannot discern which.
Do you pray?
Okay, then.
There is a faded altar to an unknown god here.
Found a stone staircase leading down.
p - 2 grey potions You see here 21 stones.
You are feeling very hungry.
No target in view!
No target in view!
You open the door.
A bat comes into view.
Found 12 bolts.
Found a white marble altar of Elyvilon and a shimmering altar of Xom.
A bat is nearby!
A bat is nearby!
Found a burning altar of Makhleb.
There is an open door here.
The bat barely misses you. x2
You see here 12 bolts.
You closely miss the bat. The bat hits you.
You take 1 damage, and have 26/27 hp.
The bat closely misses you. The bat hits you but does no damage.
The bat barely misses you.
You closely miss the bat. The bat misses you.
The bat hits you but does no damage.
You hit the bat. The bat completely misses you.
You hit the bat.
You kill the bat!
No target in view!
k - 24 bolts (gained 12)
There is an open door here.
A giant newt comes into view.
Health restored: 27 The giant newt bites you but does no damage.
You hit the giant newt.
You kill the giant newt!
No target in view!
No target in view!
You now have 93 gold pieces (gained 11).
A bat comes into view.
A bat is nearby!
A bat is nearby!
You barely miss the bat. The bat hits you but does no damage.
The bat barely misses you. The bat hits you but does no damage.
You hit the bat.
You kill the bat!
No target in view!
Found a stone staircase leading up.
An adder comes into view.
An adder is nearby!
The adder barely misses you.
Wield which item (- for none, * to show all)? (? for menu, Esc to quit)
b - a +2 hand crossbow (weapon)
Aim: an adder You shoot a bolt.
The bolt barely misses the adder.
The adder closely misses you. x2
Aim: an adder You shoot a bolt.
The bolt hits the adder!
The adder bites you. The adder bites you but does no damage.
You take 2 damage, and have 25/27 hp.
Aim: an adder (almost dead)
You shoot a bolt. The bolt closely misses the adder.
The adder bites you. The adder bites you but does no damage.
You take 5 damage, and have 20/27 hp.
Aim: an adder (almost dead)
You shoot a bolt. The bolt closely misses the adder.
The adder bites you.
You are poisoned.
The adder poisons you!
You take 5 damage, and have 15/27 hp.
You are too injured to fight recklessly!
You are too injured to fight recklessly!
You are too injured to fight recklessly!
You are too injured to fight recklessly!
You are too injured to fight recklessly!
Aim: an adder (almost dead)
You shoot a bolt. The bolt completely misses the adder.
You feel sick. The adder bites you. x2
* * * LOW HITPOINT WARNING * * *
You take 9 damage, and have 6/27 hp.
MASSIVE DAMAGE!!
Aim: an adder (severely wounded)
You shoot a bolt. The bolt hits the adder.
* * * LOW HITPOINT WARNING * * *
You feel sick. The adder barely misses you.
The adder bites you but does no damage.
You take 1 damage, and have 5/27 hp.
Drink which item? (? for menu, Esc to quit)
It was a potion of might.
You feel very mighty all of a sudden. The adder bites you.
You die...

#.# #(#<......# # #.#
#...#.##..# # #.#
#####.##..# ####.#
#.##..# #....# #.##..#
###..#######.##..########
.##..........##..........
..#..##########.########.
....(# #.@S.....(
..##.### ##########
.##....#
####.#.########### #
#.#...........#
#.###########.# #..# #.#
##.# #.# #.# #.#


You could see an adder.

Vanquished Creatures
  2 adders (D:2)
  An ooze (D:2)
  2 worms (D:2)
  2 giant geckos (D:1)
  4 goblins (D:1)
  6 hobgoblins
  4 kobolds
  5 bats
  4 giant newts
  2 rats (D:1)
32 creatures vanquished.

Notes
Turn   | Place    | Note
--------------------------------------------------------------
     0 | D:1      | MackTheKnife the High Elf Wanderer began the quest for the Orb.
     0 | D:1      | MackTheKnife set off with: a +2 hand crossbow, 20 bolts, a +0 ring mail, a potion of lignification {!q}, a bread ration {@e1}
     0 | D:1      | Reached XP level 1. HP: 16/16 MP: 2/2
   247 | D:1      | Reached XP level 2. HP: 21/21 MP: 3/3
   478 | D:1      | Reached skill level 4 in Fighting
   958 | D:2      | Reached XP level 3. HP: 19/27 MP: 4/4
  1143 | D:2      | Reached skill level 1 in Short Blades
  1414 | D:2      | Found a snail-covered altar of Cheibriados.
  1435 | D:2      | Reached skill level 2 in Short Blades
  1459 | D:2      | Found a faded altar to an unknown god.
  1554 | D:2      | Found a white marble altar of Elyvilon.
  1554 | D:2      | Found a shimmering altar of Xom.
  1555 | D:2      | Found a burning altar of Makhleb.
  1667 | D:2      | HP: 6/27 [adder (4)]
  1669 | D:2      | Slain by an adder

Vault maps used:
D:1:      tarquinn_simple_flora_water_e, serial_park_tiny_pond
D:2:      lemuel_round_altar, gammafunk_temple_overflow_claw, ecumenical_altar_1

Action                   || total
-------------------------++-------
Melee: Hand crossbow     ||     8
       Short sword       ||    70
 Fire: Hand crossbow     ||    64
  Use: Potion            ||     1
  Eat: Chunk             ||     1

Vault maps used:
D:1:      tarquinn_simple_flora_water_e, serial_park_tiny_pond
D:2:      lemuel_round_altar, gammafunk_temple_overflow_claw, ecumenical_altar_1

Table legend:
 A = Turns spent in this place as a percentage of turns spent in the entire game.
 B = Non-inter-level travel turns spent in this place as a percentage of non-inter-level travel turns spent in the entire game.
 C = Inter-level travel turns spent in this place as a percentage of turns spent in this place.
 D = Turns resting spent in this place as a percentage of non-inter-level travel turns spent in this place.
 E = Turns spent auto-exploring this place as a percentage of non-inter-level travel turns spent in this place.
 F = Non-inter-level travel turns spent in this place divided by the number of levels of this place that you've seen.
                   A       B       C       D       E      F
               +-------+-------+-------+-------+-------+----------------------
         Total | 100.0 | 100.0 |   0.2 |   2.1 |   9.0 | 239.0
       Dungeon | 100.0 | 100.0 |   0.2 |   2.1 |   9.0 | 239.0
               +-------+-------+-------+-------+-------+----------------------

Table legend:
 A = Kills in this place as a percentage of kills in entire the game.
 B = Kills by you in this place as a percentage of kills by you in the entire game.
 C = Kills by friends in this place as a percentage of kills by friends in the entire game.
 D = Other kills in this place as a percentage of other kills in the entire game.
 E = Experience gained in this place as a percentage of experience gained in the entire game.
 F = Experience gained in this place divided by the number of levels of this place that you have seen.
                   A       B       C       D       E      F
               +-------+-------+-------+-------+-------+----------------------
         Total | 100.0 | 100.0 |  -nan |  -nan | 100.0 |  43.0
       Dungeon | 100.0 | 100.0 |  -nan |  -nan | 100.0 |  43.0
               +-------+-------+-------+-------+-------+----------------------
